 Dungeon Crawl Stone Soup version 0.26.1-11-gd32895ea62 (webtiles) character file.

Game seed: 14032448658675437855

933 Almogavar the Covert (level 7, -11/32 HPs)
             Began as a Spriggan Conjurer on May 28, 2021.
             Was an Initiate of Sif Muna.
             Mangled by an orc warrior
             ... wielding a +2 antimagic trident
              (15 damage)
             ... on level 6 of the Dungeon.
             The game lasted 00:21:45 (7580 turns).

Almogavar the Covert (Spriggan Conjurer)            Turns: 7580, Time: 00:21:46

Health: -11/32     AC:  4    Str:  3    XL:     7   Next: 86%
Magic:  1/17       EV: 34    Int: 21    God:    Sif Muna [......]
Gold:   328        SH:  0    Dex: 15    Spells: 11/18 levels left

rFire    . . .     SeeInvis +   v - +1 dagger (protect)
rCold    . . .     Faith    .   (shield restricted)
rNeg     . . .     Spirit   .   q - +2 robe
rPois    .         Reflect  .   (helmet restricted)
rElec    .         Harm     .   (no cloak)
rCorr    .         Rampage  .   (gloves unavailable)
Will     +....                  (boots unavailable)
Stlth    +++++.....             i - amulet of the acrobat
HPRegen  0.10/turn              d - ring of wizardry
MPRegen  0.15/turn              n - ring of stealth

@: acrobat, very quick
A: very small, unfitting armour, see invisible, speed 3
a: Renounce Religion


You were on level 6 of the Dungeon.
You worshipped Sif Muna.
Sif Muna was noncommittal.
You visited 2 branches of the dungeon, and saw 7 of its levels.

You collected 328 gold pieces.

Inventory:

Hand Weapons
 v - a +1 dagger of protection (weapon)
Armour
 q - a +2 robe (worn)
Jewellery
 d - a ring of wizardry (left hand)
 g - a +6 ring of dexterity
 i - an amulet of the acrobat (around neck)
 l - an uncursed ring of resist corrosion
 n - a ring of stealth (right hand)
 w - an uncursed ring of poison resistance
 C - an uncursed amulet of reflection
 G - a +6 ring of dexterity
Wands
 B - a wand of acid (8)
Scrolls
 a - a scroll of identify
 b - 2 scrolls of enchant weapon
 e - 3 scrolls of enchant armour
 f - 3 scrolls of teleportation {unknown}
 j - 6 scrolls of remove curse {unknown}
 o - 2 scrolls of noise {unknown}
 t - a scroll of magic mapping {unknown}
 x - 2 scrolls of random uselessness {unknown}
 y - a scroll of amnesia {unknown}
 A - 2 scrolls of fog {unknown}
 F - 2 scrolls of fear {unknown}
Potions
 c - 2 potions of heal wounds
 h - a potion of flight {unknown}
 k - 3 potions of haste
 m - 3 potions of curing {unknown}
 p - a potion of lignification {unknown}
 r - a potion of resistance {unknown}
 s - a potion of magic {unknown}
 u - a potion of mutation {unknown}
 z - a potion of attraction {unknown}
 D - a potion of brilliance {unknown}
 E - a potion of invisibility {unknown}


   Skills:
 + Level 0.2 Short Blades
 + Level 3.6 Dodging
 + Level 8.0 Stealth
 + Level 6.2 Spellcasting
 + Level 5.3 Conjurations


You had 11 spell levels left.
You knew the following spells:

 Your Spells              Type           Power        Failure   Level
a - Magic Dart            Conj           100%         1%          1
b - Searing Ray           Conj           56%          1%          2
c - Blink                 Tloc           N/A          6%          2
d - Slow                  Hex            6%           6%          2

Your spell library contained the following spells:

 Spells                   Type           Power        Failure   Level
 Beastly Appendage        Tmut           12%          4%          1
 Summon Small Mammal      Summ           24%          4%          1
 Conjure Flame            Conj/Fire      17%          4%          3
 Dazzling Flash           Conj/Hex       34%          4%          3
 Call Imp                 Summ           6%           6%          2
 Wereblood                Tmut           6%           6%          2
 Mephitic Cloud           Conj/Pois/Air  14%          6%          3
 Call Canine Familiar     Summ           6%           12%         3
 Spider Form              Tmut/Pois      3%           12%         3
 Summon Guardian Golem    Hex/Summ       6%           12%         3
 Fulminant Prism          Conj/Hex       8%           13%         4
 Iskenderun's Mystic Bla  Conj/Tloc      17%          13%         4
 Ice Form                 Ice/Tmut       6%           34%         4
 Summon Ice Beast         Ice/Summ       6%           34%         4
 Summon Lightning Spire   Summ/Air       6%           34%         4
 Blade Hands              Tmut           3%           69%         5


Dungeon Overview and Level Annotations

Branches:
Dungeon (6/15)             Temple (1/1) D:6

Altars:
Ashenzari
Cheibriados
Fedhas
Gozag
Kikubaaqudgha
Makhleb
Okawaru
Qazlal
Ru
Sif Muna
Trog
Uskayaw
Vehumet
Xom
Zin

Shops:
D:5 :

Annotations:
D:6 Dowan


Innate Abilities, Weirdness & Mutations

You are very small and have problems with some larger weapons.
You are too small for most types of armour.
You have supernaturally acute eyesight. (SInv)
You cover ground extremely quickly.


Message History

Confirm with . or Enter, or press ? or * to list all spells.
Aiming: Searing Ray (safe; 1% risk of failure)
Press: ? - help, Shift-Dir - straight line, f - orc
Aim: an orc, wielding a +0 short sword (21% to evade)
The searing ray hits the orc warrior.
The orc warrior is lightly wounded.
The searing ray hits the orc!
You kill the orc!
Sif Muna accepts your kill. (Press . to maintain the ray.)
The searing ray hits the orc warrior.
The orc warrior is lightly wounded.
The orc warrior hits you from afar with a +2 antimagic trident!!
Ouch! That really hurt!
* * * LOW HITPOINT WARNING * * *
You feel your power leaking away.
The searing ray hits the orc warrior.
The orc warrior is moderately wounded.
The orc warrior hits you from afar with a +2 antimagic trident!
You die...

#........#.....#......
##.......#.....###....
#..........# ....
###.......# ....
#.....### .... 8
##..#.# #... ...
#..####
8..).#..##.#...
....)o.@.......
#..............
#......#.......
###.... ....... #....
....... #...## .......
.)... !...... .8.8.
.......


You could see an orc warrior.

Vanquished Creatures
  Sigmund (D:2)
  Duvessa (D:6)
  A scorpion (D:5)
  A howler monkey (D:4)
  A bullfrog zombie (D:6)
  A quasit (D:5)
  2 hounds
  2 orc priests (D:3)
  An orc wizard (D:6)
  A bullfrog skeleton (D:5)
  A centaur skeleton (D:4)
  Ijyb (D:4)
  A worker ant (D:5)
  An iguana (D:3)
  8 adders
  3 gnolls (D:5)
  A white imp (D:3)
  An ufetubus (D:6)
  3 oozes
  An adder skeleton (D:4)
  2 worms
  A dart slug (D:2)
  3 leopard geckos
  16 orcs
  5 giant cockroaches
  4 goblins
  12 hobgoblins
  13 jackals
  2 quokkas
  10 bats
  6 frilled lizards
  2 kobolds
  A quokka zombie (D:5)
  6 rats
116 creatures vanquished.

Vanquished Creatures (others)
  7 fungi (D:4)
7 creatures vanquished.

Grand Total: 123 creatures vanquished

Notes
Turn   | Place    | Note
-------+----------+-------------------------------------------
     0 | D:1      | Almogavar the Spriggan Conjurer began the quest for the
                  | Orb.
     0 | D:1      | Reached XP level 1. HP: 9/9 MP: 5/5
   364 | D:1      | Reached XP level 2. HP: 13/13 MP: 0/6
   448 | D:1      | Learned a level 2 spell: Searing Ray
  1289 | D:2      | Found a shimmering altar of Xom.
  1291 | D:2      | Found a shimmering altar of Xom.
  1292 | D:2      | Found a shimmering altar of Xom.
  1317 | D:2      | Reached XP level 3. HP: 16/16 MP: 0/8
  2029 | D:2      | Noticed Sigmund
  2043 | D:2      | Killed Sigmund
  2044 | D:2      | Reached skill level 4 in Stealth
  2044 | D:2      | Reached XP level 4. HP: 21/21 MP: 1/10
  2044 | D:2      | Reached XP level 5. HP: 24/24 MP: 1/11
  2951 | D:3      | Reached XP level 6. HP: 28/28 MP: 5/13
  3257 | D:3      | Found a snail-covered altar of Cheibriados.
  3446 | D:3      | Found a radiant altar of Vehumet.
  4362 | D:3      | Found a stormy altar of Qazlal.
  4428 | D:4      | Noticed Ijyb
  4432 | D:4      | Killed Ijyb
  4672 | D:4      | Reached skill level 5 in Stealth
  4706 | D:4      | Reached skill level 5 in Conjurations
  4776 | D:4      | Reached skill level 5 in Spellcasting
  5321 | D:4      | Reached skill level 6 in Stealth
  5321 | D:4      | Reached XP level 7. HP: 32/32 MP: 15/15
  5732 | D:5      | Entered Level 5 of the Dungeon
  5777 | D:5      | Found an iron altar of Okawaru.
  5966 | D:5      | Reached skill level 7 in Stealth
  6366 | D:5      | Found Vap Rall's Book Emporium.
  6375 | D:5      | Learned a level 2 spell: Blink
  6378 | D:5      | Learned a level 2 spell: Slow
  7042 | D:6      | Found a staircase to the Ecumenical Temple.
  7068 | Temple   | Entered the Ecumenical Temple
  7300 | Temple   | Became a worshipper of Sif Muna the Loreminder
  7464 | D:6      | Found a blossoming altar of Fedhas.
  7497 | D:6      | Noticed Duvessa
  7506 | D:6      | Noticed Dowan
  7507 | D:6      | Killed Duvessa
  7508 | D:6      | Reached skill level 8 in Stealth
  7580 | D:6      | Mangled by an orc warrior

Illustrated notes

Levels and vault maps discovered:
D:1:      doesnt_arrival_eight_statues, layout_basic
D:2:      layout_basic, xom_redecorated, minmay_fractal_squares_gapless_5,
          uniq_sigmund
D:3:      layout_basic, cheibriados_altar_1, lemuel_round_altar,
          overflow_temple_1_default, minmay_misc_feat_doors, eino_curves_03,
          serial_park_tiny_pond
D:4:      layout_basic, serial_aquarium, aquarium_bridge_island_small
          [aquarium_subvault_small_open, aquarium_subvault_bridge,
          aquarium_subvault_bridge, aquarium_subvault_window,
          aquarium_subvault_bridge], aquarium_window_corridor_1,
          aquarium_window_fake, aquarium_view_2e, grunt_ministairs_13, uniq_ijyb
D:5:      layout_layer_cave, lemuel_round_altar, serial_shops, shop
D:6:      layout_cave_pools, tso_altar, minmay_temple_entry_drinking_statues,
          basic_altar, serial_column_ruins, column_ruins_temple_hall,
          column_ruins_grid_3, column_ruins_grid_3, column_ruins_grid_1,
          column_ruins_columns_straight, uniq_duvessa
Temple:   jpeg_temple_alley_garden

Skill      XL: |  1  2  3  4  5  6  7 |
---------------+----------------------+-----
Conjurations   | 3 4 5 |  5.3
Spellcasting   | 3 4 5 6 |  6.2
Stealth        | 4 6 8 |  8.0
Short Blades   | |  0.2
Dodging        | |  3.6

Action                   |  1- 3 |  4- 6 |  7- 9 || total
-------------------------+-------+-------+-------++-------
Melee: Dagger            |     6 |    15 |     8 ||    29
 Cast: Magic Dart        |    38 |    48 |    35 ||   121
       Searing Ray       |    11 |    31 |    15 ||    57
  Use: Scroll            |     3 |       |     2 ||     5
 Stab: Sleeping          |     1 |     9 |       ||    10
Armor: Robe              |       |     2 |     3 ||     5
Dodge: Dodged            |    12 |    10 |    10 ||    32
